 Dungeon Crawl Stone Soup version 0.31-a0-986-g5e6e4ef867 (webtiles) character file.

Game seed: 3078865240850259289

2403 quinnr the Zephyrmancer (level 9, 0/54 HPs)
             Began as a Tengu Air Elementalist on Nov 25, 2023.
             Was an Initiate of Vehumet.
             Slain by a yak (9 damage)
             ... on level 7 of the Dungeon.
             The game lasted 00:19:27 (9404 turns).

quinnr the Zephyrmancer (Tengu Air Elementalist)    Turns: 9404, Time: 00:19:27

Health: 0/54       AC:  4    Str:  8    XL:     9   Next: 47%
Magic:  4/17       EV: 31    Int: 26    God:    Vehumet [......]
Gold:   365        SH:  5    Dex: 15    Spells: 11/18 levels left

rFire   . . .        a - staff of poison {!a}
rCold   . . .        q - +0 buckler
rNeg    . . .        n - +0 robe
rPois   +            A - +2 hat
rElec   .            (no cloak)
rCorr   .            (no gloves)
SInv    .            (boots unavailable)
Will    .....        (no amulet)
Stlth   +++          I - +6 ring of intelligence
HPRegen 0.29/turn    P - ring of poison resistance
MPRegen 0.15/turn

%: acrobat
@: acrobatic, flying
A: beak, talons 3, evasive flight, acrobatic
a: Renounce Religion


You were on level 7 of the Dungeon.
You worshipped Vehumet.
Vehumet was noncommittal.
You visited 2 branches of the dungeon, and saw 8 of its levels.
You also visited: Sewer.

You collected 365 gold pieces.


Innate Abilities, Weirdness & Mutations

You have a beak for a mouth.
You have claws for feet.
Your magical flight helps you evade attacks. (EV +4)
You can magically evade attacks while moving or waiting.


   Skills:
 + Level 5.1 Fighting
 - Level 4.0 Throwing
 + Level 2.4 Dodging
 - Level 5.0 Stealth
 - Level 4.0 Shields
 - Level 5.0 Spellcasting
 - Level 1.3 Conjurations
 - Level 8.0 Air Magic
 - Level 4.0 Evocations


You had 11 spell levels left.
You knew the following spells:

 Your Spells              Type           Power      Damage    Failure   Level
a - Airstrike             Air            24%        2d(4-20)  4%          4
t - Static Discharge      Conj/Air       60%        3-6/arc   2%          2
z - Shock                 Conj/Air       100%       1d9       1%          1

Your spell library contained the following spells:

 Spells                   Type           Power      Damage    Failure   Level
 Swiftness                Air            48%        N/A       1%          3
 Freeze                   Ice            24%        1d4       12%         1
 Hailstorm                Conj/Ice       10%        3d5       26%         3
 Frozen Ramparts          Ice            12%        1d2       34%         3
 Inner Flame              Hex/Fire       6%         N/A       34%         3
 Flame Wave               Conj/Fire      10%        2d6       65%         4
 Sticky Flame             Conj/Fire      10%        2d3       65%         4
 Summon Ice Beast         Ice/Summ       6%         N/A       75%         4
 Simulacrum               Ice/Necr       3%         N/A       100%        6

Inventory:

Hand Weapons
 b - a +7 dagger of protection
Missiles
 c - 25 poisoned darts
 m - a curare-tipped dart {=f}
 x - 5 silver javelins
Armour
 k - an orb of guile
 n - a +0 robe (worn)
 q - a +0 buckler (worn)
 A - a +2 hat (worn)
 F - a +1 hat
Magical Staves
 a - a staff of poison (weapon) {!a}
 v - a staff of cold {!a}
Jewellery
 j - an amulet of magic regeneration
 I - a +6 ring of intelligence (left hand)
 P - a ring of poison resistance (right hand)
Scrolls
 e - a scroll of teleportation {@r2}
 g - a scroll of summoning
 h - a scroll of silence {!r}
 p - a scroll of torment
 r - a scroll of immolation
 t - a scroll of fear
 w - a scroll of poison {unknown}
 y - a scroll of blinking
 C - a scroll of vulnerability {unknown}
 D - a scroll of revelation
 E - a scroll of fog {unknown}
 G - 3 scrolls of identify {@r1}
Potions
 d - a potion of magic
 f - 2 potions of curing {@q1}
 i - 2 potions of attraction {unknown}
 l - a potion of invisibility {unknown}
 o - 2 potions of heal wounds {unknown}
 s - a potion of mutation {unknown}
 u - a potion of brilliance {unknown}
 z - a potion of enlightenment {unknown}
 B - a potion of lignification {unknown}

Dungeon Overview and Level Annotations

Branches:
Dungeon (7/15)             Temple (1/1) D:6           Sewer (visited)

Altars:
Ashenzari
Cheibriados
Dithmenos
Elyvilon
Fedhas
Gozag
Hepliaklqana
Kikubaaqudgha
Makhleb
Nemelex Xobeh
Okawaru
Qazlal
Ru
Sif Muna
Trog
Uskayaw
Vehumet
Wu Jian
Xom
Yredelemnul
Zin
The Shining One

Shops:
D:1 =   D:6 =: D:7

:
...####....>......#
#.###.⌠...⌠.# ...
##.######...#
#.......∩...# ...
#.#<.......#
#...).⌠...⌠.# .?.
#.#####.#'##
#...........# ...
#.# #.#.#
#.........### ...
#.# #.#.#
#.........# #.#
#.#.# #.#########
#.# #Y#.# #.# #.#
#.#@####)#
.#####.#Y#.)..#
..........#.##.#
#.#######...####
#####


You could see a yak.


Message History

Vehumet accepts your kill.
The zap hits the yak.
The yak is heavily wounded.
The zap hits the yak.
The yak is severely wounded.
Training target 5.0 for Fighting reached!
Your Fighting skill increases to level 5!
You need to enable at least one skill for training.
Unknown command.
Unknown command.
Unknown command.
The yak attacks as it pursues you! You block the yak's attack.
The yak snorts and paws the ground.
The yak attacks as it pursues you! The yak completely misses you.
Casting: Shock (safe; 1% risk of failure)
Confirm with . or Enter, or press ? or * to list all spells.
You don't know that spell.
Casting: Shock (safe; 1% risk of failure)
Confirm with . or Enter, or press ? or * to list all spells.
Okay, then.
Unknown command.
You aren't carrying any items that you can evoke.
Unknown command.
Okay, then.
Okay, then.
Unknown command.
Unknown command.
The yak attacks as it pursues you! The yak closely misses you.
The yak attacks as it pursues you! The yak gores you!
You die...

Skill      XL: |  1  2  3  4  5  6  7  8  9 |
---------------+----------------------------+-----
Air Magic      | 5 6 8 |  8.0
Fighting       | 1 2 3 5 |  5.1
Shields        | 1 2 3 4 |  4.0
Spellcasting   | 3 4 5 |  5.0
Evocations     | 3 4 |  4.0
Throwing       | 4 |  4.0
Stealth        | 3 5 |  5.0
Dodging        | |  2.4
Conjurations   | |  1.3

Action                     |  1- 3 |  4- 6 |  7- 9 || total
---------------------------+-------+-------+-------++-------
  Melee: Unarmed           |     6 |       |       ||     6
         Dagger            |     3 |       |     6 ||     9
         Kick              |     2 |     1 |    18 ||    21
         Staff             |       |     4 |    41 ||    45
         Peck              |       |       |     8 ||     8
   Cast: Shock             |    80 |   112 |   149 ||   341
         Static Discharge  |       |     2 |     5 ||     7
         Airstrike         |       |     2 |    40 ||    42
    Use: Scroll            |     2 |     5 |     7 ||    14
         Potion            |       |     1 |       ||     1
 Armour: Robe              |    15 |    20 |    36 ||    71
  Dodge: Dodged            |    25 |    15 |    71 ||   111
  Block: Buckler           |       |     5 |    23 ||    28

Levels and vault maps discovered:
D:1:      dpeg_arrival_arbitrary_a, layout_loops_ring, serial_shops,
          shop_fountains, minmay_cut_off
D:2:      layout_basic, minmay_misc_feat_pillars, minmay_tetromino_s4
D:3:      layout_basic, serial_rivers, chequers_serial_rivers_small_b,
          chequers_serial_rivers_small_3, chequers_serial_rivers_room_b,
          chequers_serial_rivers_micro_b, chequers_serial_rivers_small_3,
          chequers_serial_rivers_micro_d, nicolae_elevator_lobby_asterisk
D:4:      layout_basic, hangedman_ru_absence, mainiacjoe_overflow_24_doors,
          cheibrodos_sewer_entry_bend
D:5:      layout_cave_pools, grunt_gozag_breadcrumbs, kennysheep_mini_moat,
          mainiacjoe_overflow_boulevard, minmay_starry_boxes
D:6:      layout_gridville, temple_pool_b, serial_shops, shop,
          kennysheep_doodads, nicolae_shop_self_help
D:7:      layout_basic, gammafunk_ghost_necromancy, nicolae_shop_vocational
Temple:   sentei_temple_godly_chess

Notes
Turn   | Place    | Note
-------+----------+-------------------------------------------
     0 | D:1      | quinnr the Tengu Air Elementalist began the quest for the
                  | Orb.
     0 | D:1      | Reached XP level 1. HP: 10/10 MP: 4/4
   208 | D:1      | Found Lonegyst's Jewellery Shoppe.
   228 | D:1      | Reached XP level 2. HP: 14/15 MP: 0/6
   381 | D:1      | Reached skill level 5 in Air Magic
   768 | D:1      | Reached XP level 3. HP: 19/19 MP: 4/7
  1667 | D:2      | Reached skill level 6 in Air Magic
  1749 | D:2      | Reached skill level 1 in Fighting
  2055 | D:2      | Reached XP level 4. HP: 25/25 MP: 5/8
  2612 | D:3      | Reached skill level 2 in Fighting
  3378 | D:4      | Found a sacrificial altar of Ru.
  3417 | D:4      | Noticed a scorpion
  3431 | D:4      | Reached skill level 1 in Shields
  3431 | D:4      | Reached XP level 5. HP: 19/32 MP: 0/9
  3435 | D:4      | Reached skill level 3 in Fighting
  3435 | D:4      | Reached skill level 2 in Shields
  3468 | D:4      | Found an ancient bone altar of Kikubaaqudgha.
  3582 | D:4      | Found a glowing drain.
  3612 | Sewer    | Entered a sewer
  3616 | Sewer    | Learned a level 2 spell: Static Discharge
  3621 | Sewer    | Learned a level 4 spell: Airstrike
  3730 | Sewer    | Noticed a kobold brigand
  3742 | Sewer    | Killed a kobold brigand
  3743 | Sewer    | Reached XP level 6. HP: 29/37 MP: 1/10
  3863 | Sewer    | Reached skill level 3 in Shields
  4197 | Sewer    | Gained mutation: Your magical flight helps you evade
                  | attacks. (EV +4) [Tengu growth]
  4197 | Sewer    | Reached XP level 7. HP: 41/41 MP: 7/12
  4310 | Sewer    | Reached skill level 3 in Spellcasting
  4410 | Sewer    | Reached skill level 7 in Air Magic
  4830 | Sewer    | Reached skill level 4 in Shields
  5344 | D:4      | Reached skill level 8 in Air Magic
  5344 | D:4      | Reached skill level 1 in Evocations
  5489 | D:4      | Reached skill level 2 in Evocations
  5667 | D:4      | Reached skill level 3 in Evocations
  5685 | D:4      | Reached XP level 8. HP: 46/46 MP: 4/13
  6243 | D:5      | Entered Level 5 of the Dungeon
  6243 | D:5      | Found a bloodstained altar of Trog.
  6355 | D:5      | Reached skill level 1 in Throwing
  6364 | D:5      | Reached skill level 4 in Evocations
  6372 | D:5      | Reached skill level 2 in Throwing
  6520 | D:5      | Found an opulent altar of Gozag.
  6823 | D:5      | Reached skill level 3 in Throwing
  6920 | D:5      | Reached skill level 4 in Throwing
  7048 | D:5      | Found a burning altar of Makhleb.
  7577 | D:6      | Found Qeacleel's Self-Improvement Boutique.
  7827 | D:6      | Found Xeaprurhon's Jewellery Emporium.
  7853 | D:6      | Found a staircase to the Ecumenical Temple.
  7895 | Temple   | Entered the Ecumenical Temple
  7920 | Temple   | Became a worshipper of Vehumet
  7943 | D:6      | Reached skill level 3 in Stealth
  8055 | D:6      | Reached skill level 4 in Spellcasting
  8324 | D:6      | Found Xeaprurhon's Jewellery Emporium.
  8454 | D:6      | Found a staircase to the Ecumenical Temple.
  8607 | D:6      | Found Qeacleel's Self-Improvement Boutique.
  8813 | D:7      | Reached XP level 9. HP: 48/50 MP: 1/16
  8876 | D:7      | Reached skill level 4 in Stealth
  8984 | D:7      | Found Taruikou's Vocational Training.
  9243 | D:7      | Reached skill level 5 in Stealth
  9243 | D:7      | Reached skill level 5 in Spellcasting
  9353 | D:7      | Reached skill level 4 in Fighting
  9398 | D:7      | Reached skill level 5 in Fighting
  9404 | D:7      | Slain by a yak

Vanquished Creatures
  4 yaks (D:7)
  A phantom (D:6)
  4 kobold brigands (Sewer)
  4 bullfrogs
  2 scorpions (D:4)
  4 jellies (D:4)
  5 howler monkeys
  5 hounds
  3 orc priests
  2 sleepcaps
  A gnoll bouda (D:7)
  3 iguanas
  2 orc wizards
  8 adders
  4 gnolls (D:7)
  3 river rats (Sewer)
  5 worms
  4 dart slugs
  19 orcs
  7 bats
  10 endoplasms
  2 giant cockroaches
  8 goblins
  6 hobgoblins
  7 jackals
  12 kobolds
  2 quokkas
  13 ball pythons
  4 frilled lizards
  9 rats
163 creatures vanquished.

Vanquished Creatures (collateral kills)
  An iguana (D:5)
1 creature vanquished.

Grand Total: 164 creatures vanquished

Table legend: (Time is in decaauts)
 A = Elapsed time spent in this place.
 B = Non-inter-level travel time spent in this place.
 C = Inter-level travel time spent in this place.
 D = Time resting spent in this place.
 E = Time spent auto-exploring this place.
 F = Levels seen in this place.
 G = Mean time per level.
                   A        B        C        D        E       F      G
               +--------+--------+--------+--------+--------+-----+--------+
         Total |   9449 |   9171 |    278 |    422 |   7344 |   9 | 1049.9 |
       Dungeon |   8058 |   7788 |    270 |    285 |   6322 |   7 | 1151.1 |
        Temple |     34 |     27 |      7 |      0 |      0 |   1 |   34.0 |
         Sewer |   1356 |   1356 |      0 |    137 |   1022 |   1 | 1356.0 |
               +--------+--------+--------+--------+--------+-----+--------+

Top non-repeatable levels by time:
     D:4: 1599 daAuts
   Sewer: 1356 daAuts
     D:6: 1353 daAuts
     D:3: 1189 daAuts
     D:2: 1137 daAuts
     D:1: 1063 daAuts
     D:5: 1062 daAuts
     D:7: 653 daAuts
  Temple: 34 daAuts

Table legend:
 A = Non-vault XP
 B = Vault XP
 C = Vault XP percentage of total XP
 D = Non-vault monster count
 E = Vault monster count
 F = Vault count percentage of total count
                 A         B        C        D         E       F
            +---------+---------+-------+---------+---------+-------
      Total |    2914 |     519 |  15.1 |     127 |      37 |  22.6
            +---------+---------+-------+---------+---------+-------
        D:1 |      34 |       4 |  10.5 |      19 |       3 |  13.6
        D:2 |      46 |       2 |   4.2 |      17 |       1 |   5.6
        D:3 |      50 |       0 |   0.0 |      18 |       0 |   0.0
        D:4 |     613 |      10 |   1.6 |      28 |       2 |   6.7
        D:5 |     587 |       6 |   1.0 |      23 |       2 |   8.0
        D:6 |     339 |       0 |   0.0 |       7 |       0 |   0.0
        D:7 |    1245 |       0 |   0.0 |      15 |       0 |   0.0
      Sewer |       0 |     497 | 100.0 |       0 |      29 | 100.0
            +---------+---------+-------+---------+---------+-------

Levels and vault maps discovered:
D:1:      dpeg_arrival_arbitrary_a, layout_loops_ring, serial_shops,
          shop_fountains, minmay_cut_off
D:2:      layout_basic, minmay_misc_feat_pillars, minmay_tetromino_s4
D:3:      layout_basic, serial_rivers, chequers_serial_rivers_small_b,
          chequers_serial_rivers_small_3, chequers_serial_rivers_room_b,
          chequers_serial_rivers_micro_b, chequers_serial_rivers_small_3,
          chequers_serial_rivers_micro_d, nicolae_elevator_lobby_asterisk
D:4:      layout_basic, hangedman_ru_absence, mainiacjoe_overflow_24_doors,
          cheibrodos_sewer_entry_bend
D:5:      layout_cave_pools, grunt_gozag_breadcrumbs, kennysheep_mini_moat,
          mainiacjoe_overflow_boulevard, minmay_starry_boxes
D:6:      layout_gridville, temple_pool_b, serial_shops, shop,
          kennysheep_doodads, nicolae_shop_self_help
D:7:      layout_basic, gammafunk_ghost_necromancy, nicolae_shop_vocational
Temple:   sentei_temple_godly_chess
